 Dungeon Crawl Stone Soup version 0.30.1-3-gfc49f6343a (webtiles) character file.

Game seed: 6323265082712199672

898 jtron the Magician (level 7, -14/47 HPs)
             Began as a Mummy Necromancer on Aug 7, 2023.
             Was an Initiate of Kikubaaqudgha.
             Demolished by Edmund
             ... wielding a +3 antimagic dire flail
              (15 damage)
             ... on level 5 of the Dungeon.
             The game lasted 00:14:56 (5388 turns).

jtron the Magician (Mummy Necromancer)              Turns: 5388, Time: 00:14:57

Health: -14/47     AC:  3    Str: 11    XL:     7   Next: 79%
Magic:  1/17       EV: 12    Int: 16    God:    Kikubaaqudgha [......]
Gold:   219        SH:  0    Dex: 13    Spells: 15/20 levels left

rFire   x . .        j - +0 scythe (venom)
rCold   + . .        (shield currently unavailable)
rNeg    + + +        a - +0 robe
rPois   ∞            (no helmet)
rElec   .            (no cloak)
rCorr   .            (no gloves)
SInv    .            k - +0 pair of boots
Will    .....        (no amulet)
Stlth   ++           (no ring)
HPRegen 0.27/turn    (no ring)
MPRegen 0.15/turn

%: faith
@: no status effects
A: cold resistance 1, negative energy resistance 3, torment resistance 2, heat
vulnerability 1, in touch with death 1, no potions, faith
a: Renounce Religion


You were on level 5 of the Dungeon.
You worshipped Kikubaaqudgha.
Kikubaaqudgha was noncommittal.
You visited 1 branch of the dungeon, and saw 5 of its levels.

You collected 219 gold pieces.

Inventory:

Hand Weapons
 e - a +0 dagger
 g - a +0 hand axe
 h - a +0 spear of flaming
 j - a +0 scythe of venom (weapon)
Missiles
 d - 28 stones (quivered)
 f - 4 poisoned darts
Armour
 a - a +0 robe (worn)
 c - the +4 leather armour "Ihopaxe" {Slay+2}
   (You found it on level 3 of the Dungeon)

   Slay:      It affects your accuracy & damage with ranged weapons and melee
   (+2).
 k - a +0 pair of boots (worn)
Jewellery
 b - a ring of flight
Wands
 i - a wand of roots (8)
Scrolls
 l - a scroll of enchant armour {unknown}
 m - 3 scrolls of blinking {unknown}


   Skills:
 + Level 0.9 Fighting
 * Level 2.2 Polearms
 + Level 0.3 Throwing
 + Level 1.8 Dodging
 + Level 2.1 Stealth
 + Level 7.0 Spellcasting
 - Level 2.0 Conjurations
 + Level 6.1 Necromancy
 * Level 1.3 Air Magic


You had 15 spell levels left.
You knew the following spells:

 Your Spells              Type           Power      Damage    Failure   Level
a - Necrotise             Necr           100%       1d9       1%          1
b - Vampiric Draining     Necr           38%        2d8       3%          3
c - Shock                 Conj/Air       40%        1d5       6%          1

Your spell library contained the following spells:

 Spells                   Type           Power      Damage    Failure   Level
 Animate Dead             Necr           38%        N/A       10%         4
 Slow                     Hex            20%        N/A       12%         1
 Blink                    Tloc           10%        N/A       19%         2
 Swiftness                Air            9%         N/A       22%         3
 Agony                    Necr           38%        N/A       26%         5
 Confusing Touch          Hex            5%         N/A       36%         3
 Airstrike                Air            4%         2d(1-17)  56%         4
 Manifold Assault         Tloc           5%         N/A       77%         4
 Storm Form               Tmut/Air       Unusable   N/A       N/A         7

Dungeon Overview and Level Annotations

Branches:
Dungeon (5/15)
 Temple: D:4-7

Altars:
Kikubaaqudgha
Makhleb
Okawaru
Vehumet

Annotations:
D:3 1 runed translucent door, Crazy Yiuf, Grinder
D:5 Edmund


Innate Abilities, Weirdness & Mutations

You are immune to poison.
Your flesh is cold resistant. (rC+)
You are immune to negative energy. (rN+++)
You are immune to unholy pain and torment.
You are vulnerable to heat. (rF-)
You are in touch with the powers of death.
You do not drink.
You have a special connection with the divine. (Faith)


Message History

Edmund is moderately wounded.
Edmund hits you with a +3 antimagic dire flail!
You feel your power leaking away.
Casting: Necrotise (safe; 1% risk of failure)
Confirm with . or Enter, or press ? or * to list all spells.
Aiming: Vampiric Draining (dangerous; 3% risk of failure)
Press: ? - help, Shift-Dir - straight line, f/p - Edmund
Aim: Edmund, wielding a +3 antimagic dire flail and wearing a +0 scale mail (moderately wounded, very poisoned)
You feel a surge of power!
You draw life force from Edmund.
You feel life coursing into your body. Edmund barely misses you.
Casting: Vampiric Draining (dangerous; 3% risk of failure)
Confirm with . or Enter, or press ? or * to list all spells.
Aiming: Vampiric Draining (dangerous; 3% risk of failure)
Press: ? - help, Shift-Dir - straight line, f/p - Edmund
Aim: Edmund, wielding a +3 antimagic dire flail and wearing a +0 scale mail (heavily wounded, very poisoned)
You feel a surge of power!
You draw life force from Edmund.
You feel life coursing into your body.
Edmund hits you with a +3 antimagic dire flail.
Casting: Vampiric Draining (dangerous; 3% risk of failure)
Confirm with . or Enter, or press ? or * to list all spells.
Aiming: Necrotise (safe; 1% risk of failure)
Press: ? - help, Shift-Dir - straight line, f/p - Edmund
Aim: Edmund, wielding a +3 antimagic dire flail and wearing a +0 scale mail (severely wounded, very poisoned, chance to affect: 83%)
You feel a surge of power!
Edmund writhes in agony!
Edmund misses you.
You closely miss Edmund.
Edmund is almost dead.
Edmund hits you with a +3 antimagic dire flail!
* * * LOW HITPOINT WARNING * * *
Edmund hits you with a +3 antimagic dire flail!
* * * LOW HITPOINT WARNING * * *
You closely miss Edmund.
Edmund is almost dead.
Edmund hits you with a +3 antimagic dire flail.
* * * LOW HITPOINT WARNING * * *
You closely miss Edmund.
Edmund is almost dead.
Edmund says, "People accused me of being a cutpurse!"
Edmund hits you with a +3 antimagic dire flail!
You die...
Kikubaaqudgha rasps: "You have failed me!
Welcome... oblivion!"

### ##.## #...# ...
... #$# #@# #@#
##.####### #.........
#..####### ##
####..########
##...###.............
#......<.#...#..#####
#................#
#.#.#.####.........


You could see Edmund (poisoned).

Vanquished Creatures
  Sigmund (D:3)
  2 ogres (D:4)
  Blork the orc (D:4)
  2 scorpions (D:4)
  A crimson imp (D:4)
  A hound (D:4)
  An orc priest (D:4)
  A sleepcap (D:4)
  Natasha (thrice) (D:3)
  Robin (D:3)
  2 adders
  8 gnolls
  A worm (D:3)
  A dart slug (D:3)
  4 orcs
  8 ball pythons
  5 endoplasms
  4 giant cockroaches
  10 goblins
  9 hobgoblins
  10 jackals
  3 quokkas
  A bat (D:3)
  6 frilled lizards
  7 kobolds
  6 rats
99 creatures vanquished.

Vanquished Creatures (collateral kills)
  A dart slug (D:2)
  An endoplasm (D:1)
  A quokka (D:3)
3 creatures vanquished.

Grand Total: 102 creatures vanquished

Notes
Turn   | Place    | Note
-------+----------+-------------------------------------------
     0 | D:1      | jtron the Mummy Necromancer began the quest for the Orb.
     0 | D:1      | Reached XP level 1. HP: 13/13 MP: 4/4
   155 | D:1      | Reached XP level 2. HP: 19/19 MP: 1/5
   378 | D:1      | Reached skill level 3 in Spellcasting
   435 | D:1      | Found a faded altar of an unknown god.
   676 | D:1      | Gained mutation: You are in touch with the powers of death.
                  | [Mummy growth]
   676 | D:1      | Reached XP level 3. HP: 19/24 MP: 0/8
  1229 | D:1      | Learned a level 3 spell: Vampiric Draining
  1634 | D:2      | Reached skill level 4 in Spellcasting
  1927 | D:2      | Reached XP level 4. HP: 23/30 MP: 5/10
  2289 | D:3      | Identified the +4 leather armour "Ihopaxe" {Slay+2}
  2352 | D:3      | Noticed Natasha
  2355 | D:3      | Killed Natasha
  2356 | D:3      | Reached skill level 5 in Necromancy
  2448 | D:3      | Noticed Sigmund
  2476 | D:3      | Noticed Robin
  2490 | D:3      | Reached XP level 5. HP: 34/35 MP: 3/12
  2764 | D:3      | Killed Sigmund
  2765 | D:3      | Reached skill level 1 in Polearms
  2765 | D:3      | Reached skill level 5 in Spellcasting
  2765 | D:3      | Reached XP level 6. HP: 18/42 MP: 1/14
  2794 | D:3      | Noticed Natasha
  2820 | D:3      | Killed Natasha
  3042 | D:3      | Noticed Grinder
  3207 | D:3      | Noticed Natasha
  3235 | D:3      | Killed Natasha
  3275 | D:3      | Killed Robin
  3276 | D:3      | Reached skill level 6 in Spellcasting
  3444 | D:3      | Learned a level 1 spell: Shock
  3491 | D:3      | Found a runed translucent door.
  3492 | D:3      | Noticed Crazy Yiuf
  4079 | D:4      | Noticed Blork the orc
  4083 | D:4      | Killed Blork the orc
  4084 | D:4      | Reached XP level 7. HP: 28/47 MP: 12/16
  4182 | D:4      | Reached skill level 1 in Conjurations
  4262 | D:4      | Reached skill level 1 in Air Magic
  4634 | D:4      | Found an ancient bone altar of Kikubaaqudgha.
  4771 | D:4      | Found a burning altar of Makhleb.
  4772 | D:4      | Found a radiant altar of Vehumet.
  4898 | D:4      | Found an iron altar of Okawaru.
  5054 | D:4      | Reached skill level 7 in Spellcasting
  5304 | D:4      | Became a worshipper of Kikubaaqudgha
  5363 | D:5      | Entered Level 5 of the Dungeon
  5373 | D:5      | Noticed Edmund
  5386 | D:5      | HP: 1/47 [Edmund/+3 antimagic dire flail (9)]
  5388 | D:5      | Demolished by Edmund

Illustrated notes

Levels and vault maps discovered:
D:1:      lemuel_arrival_behind_the_door_large, layout_basic,
          shapermc_ecumenical_altar_starsandcircs
D:2:      layout_basic
D:3:      layout_loops_corners, kennysheep_generic_room_13,
          uniq_crazy_yiuf_cottage, uniq_natasha, uniq_sigmund, uniq_robin,
          uniq_grinder
D:4:      layout_loops_corners, mainiacjoe_overflow_alcove_4,
          grunt_temple_overflow_lords_of_destruction,
          mainiacjoe_overflow_brackets, uniq_blork_the_orc
D:5:      layout_loops_ring, minmay_temple_entry_fiery,
          hellmonk_ghost_happy_afterlife, uniq_edmund

Skill      XL: |  1  2  3  4  5  6  7 |
---------------+----------------------+-----
Spellcasting   | 3 4 5 6 7 |  7.0
Necromancy     | 5 6 |  6.1
Polearms       | 1 2 |  2.2
Stealth        | 2 |  2.1
Conjurations   | 2 |  2.0
Air Magic      | 1 |  1.3
Fighting       | |  0.9
Throwing       | |  0.3
Dodging        | |  1.8

Action                     |  1- 3 |  4- 6 |  7- 9 || total
---------------------------+-------+-------+-------++-------
  Melee: Unarmed           |     4 |       |       ||     4
         Dagger            |     5 |       |       ||     5
         Spear             |     1 |    19 |       ||    20
         Halberd           |       |    17 |    24 ||    41
  Throw: Dart              |       |     1 |     8 ||     9
         Stone             |       |       |     1 ||     1
   Cast: Necrotise         |    70 |    61 |    36 ||   167
         Vampiric Draining |       |     8 |     4 ||    12
  Evoke: Wand              |       |     2 |       ||     2
    Use: Scroll            |     6 |     1 |       ||     7
   Stab: Sleeping          |     1 |       |       ||     1
 Armour: Robe              |       |     5 |     3 ||     8
  Dodge: Dodged            |    11 |    37 |    14 ||    62
